 Dungeon Crawl Stone Soup version 0.18.1-48-g4cf74bf (webtiles) character file.

1061 Inkary the Shield-Bearer (level 8, -3/71 HPs)
             Began as a Minotaur Fighter on Aug 25, 2016.
             Was a Follower of Okawaru.
             Killed from afar by an orc wizard (6 damage)
             ... with a magic dart
             ... on level 6 of the Dungeon.
             The game lasted 00:07:21 (4696 turns).

Inkary the Shield-Bearer (Minotaur Fighter)         Turns: 4696, Time: 00:07:22

Health: -3/71      AC:  8    Str: 21    XL:     8   Next: 6%
Magic:  7/7        EV:  8    Int:  5    God:    Okawaru [*.....]
Gold:   89         SH: 12    Dex: 12    Spells: 0 memorised, 7 levels left

rFire  + . .     SeeInvis .     a - +0 long sword
rCold  + . .     Gourm    .     b - +0 scale mail
rNeg   . . .     Faith    .     y - +2 shield
rPois  +         Spirit   .     (helmet restricted)
rElec  +         Dismiss  .     (no cloak)
rCorr  +         Reflect  .     (no gloves)
SustAt .         Harm     .     (no boots)
MR     +....                    (no amulet)
Stlth  ..........               s - ring of protection from magic
                                x - +1 ring of protection

@: resistant, flying, somewhat resistant to hostile enchantments, extremely
unstealthy
A: retaliatory headbutt, horns 2
a: Heroism, Renounce Religion


You were on level 6 of the Dungeon.
You worshipped Okawaru.
Okawaru was aware of your devotion.
You were very hungry.

You visited 2 branches of the dungeon, and saw 7 of its levels.

You collected 300 gold pieces.
You spent 211 gold pieces at shops.

Inventory:

Hand Weapons
 a - a +0 long sword (weapon)
Armour
 b - a +0 scale mail (worn)
 y - a +2 shield (worn)
Jewellery
 s - a ring of protection from magic (right hand)
 w - an uncursed amulet of harm {unknown}
 x - a +1 ring of protection (left hand)
Scrolls
 e - 3 scrolls of fog {unknown}
 g - 2 scrolls of noise {unknown}
 h - a scroll of fear {unknown}
 i - a scroll of remove curse
 j - 9 scrolls of identify {unknown}
 k - 5 scrolls of enchant armour {unknown}
 l - 2 scrolls of magic mapping {unknown}
 n - 2 scrolls of amnesia {unknown}
 p - 4 scrolls of recharging {unknown}
 q - a scroll of teleportation {unknown}
 r - a scroll of blinking {unknown}
 v - a scroll of random uselessness {unknown}
Potions
 t - a potion of haste {unknown}
Books
 u - a book of Flames

   Spells                             Type                      Level
   a - Flame Tongue                   Conjuration/Fire             1
   b - Throw Flame                    Conjuration/Fire             2
   c - Conjure Flame                  Conjuration/Fire             3
   d - Inner Flame                    Hexes/Fire                   3
   e - Sticky Flame                   Conjuration/Fire             4
   f - Fireball                       Conjuration/Fire             5
Comestibles
 f - 5 bread rations
 o - 5 meat rations


   Skills:
 + Level 6.5 Fighting
 + Level 6.1 Long Blades
 + Level 6.6 Armour
 + Level 6.8 Shields


You had 7 spell levels left.
You didn't know any spells.

Dungeon Overview and Level Annotations

Branches:
Dungeon (6/15)             Temple (1/1) D:6

Altars:
Ashenzari
Dithmenos
Elyvilon
Fedhas
Gozag
Kikubaaqudgha
Makhleb
Nemelex Xobeh
Okawaru
Pakellas
Qazlal
Ru
Sif Muna
Trog
Vehumet
Xom
Yredelemnul
Zin
Lugonu

Shops:
D:5 *


Innate Abilities, Weirdness & Mutations

You reflexively headbutt those who attack you in melee.
You have a pair of horns on your head.


Message History

As you read the scroll labeled ZAACAH AWYST, it crumbles to dust.
You feel blessed for a moment.
It was a scroll of remove curse.
The orc wizard is no longer moving quickly.
The orc warrior hits you with a flail of protection!
* * * LOW HITPOINT WARNING * * *
You block the orc's attack.
Drink which item? (? for menu, Esc to quit)
It was a potion of flight.
You feel very buoyant.
You fly up into the air.
The orc wizard casts a spell.
The orc wizard seems to speed up.
The orc wizard gestures wildly while chanting.
The orc wizard blinks!
You block the orc's attack. You block the orc warrior's attack.
The orc wizard casts a spell.
The orc wizard blinks!
The orc wizard points at you and mumbles some strange words.
The magic dart hits you!
You die...

####......(.##......#
#..(o##...####.##...#
#.##.##..(.# #.##..#.
#.##o##.##.###.# #...
#.# #.#...o.....##.#
##.# #.#
#...o..........####.#
#.#
#.#..⌠...⌠..#.......#
#.#
#.#.........#..####.#
#.#
#...@..>.............
#.#
#.#.........#######..
#.# #.#..⌠...⌠..###
#.# #<####
#.............#####.#
#.##.##
###.........#.......#
#...#.#
##.##.##.##......(#
####.##
#.##.#..####.###.#
#.# #............#
#.# #.#
#####..#####.###.#


You could see an orc warrior, an orc wizard and 2 orcs.

Vanquished Creatures
  Sigmund (D:4)
  A sky beast (D:6)
  An ice beast (D:5)
  An ogre (D:4)
  A centaur (D:6)
  Blork the orc (D:4)
  A scorpion (D:6)
  3 crimson imps
  2 hounds
  An orc priest (D:3)
  An orc wizard (D:3)
  A giant frog skeleton (D:6)
  A worker ant (D:5)
  A howler monkey skeleton (D:5)
  6 adders
  3 gnolls (D:3)
  A shadow imp (D:5)
  An ooze (D:5)
  An adder skeleton (D:4)
  2 worms
  A dart slug (D:1)
  4 giant geckos
  10 orcs
  4 giant cockroaches
  5 hobgoblins
  A quokka (D:4)
  9 bats
  9 giant newts
  2 goblins
  9 kobolds
  2 rats (D:1)
87 creatures vanquished.

Notes
Turn   | Place    | Note
--------------------------------------------------------------
     0 | D:1      | Inkary the Minotaur Fighter began the quest for the Orb.
     0 | D:1      | Reached XP level 1. HP: 19/19 MP: 0/0
   312 | D:1      | Reached XP level 2. HP: 27/27 MP: 1/1
   700 | D:2      | Found an ancient bone altar of Kikubaaqudgha.
   757 | D:2      | Reached XP level 3. HP: 33/33 MP: 2/2
  1047 | D:2      | Found a deep blue altar of Sif Muna.
  1370 | D:3      | Reached XP level 4. HP: 40/40 MP: 3/3
  1458 | D:3      | Reached XP level 5. HP: 47/47 MP: 4/4
  1555 | D:3      | Reached skill level 5 in Armour
  1617 | D:3      | Reached skill level 5 in Shields
  1634 | D:3      | Found a blossoming altar of Fedhas.
  1674 | D:3      | Found a sacrificial altar of Ru.
  2523 | D:4      | Noticed Sigmund
  2531 | D:4      | Killed Sigmund
  2531 | D:4      | Reached skill level 5 in Fighting
  2531 | D:4      | Reached XP level 6. HP: 42/56 MP: 5/5
  2577 | D:4      | Noticed Blork the orc
  2589 | D:4      | Killed Blork the orc
  3034 | D:4      | Reached skill level 5 in Long Blades
  3034 | D:4      | Reached XP level 7. HP: 9/61 MP: 6/6
  3459 | D:4      | Found a shattered altar of Ashenzari.
  3825 | D:5      | Entered Level 5 of the Dungeon
  3889 | D:5      | Found an iron altar of Okawaru.
  3892 | D:5      | Found an oddly glowing altar of Pakellas.
  3895 | D:5      | Found a white marble altar of Elyvilon.
  3902 | D:5      | Became a worshipper of Warmaster Okawaru
  4062 | D:5      | Found a glowing silver altar of Zin.
  4138 | D:5      | Found Wavesoxi's Assorted Antiques.
  4146 | D:5      | Bought a fizzy emerald potion for 26 gold pieces
  4146 | D:5      | Bought a glowing shield for 130 gold pieces
  4146 | D:5      | Bought a scroll labeled PUDDIA ORYTWEM for 29 gold pieces
  4172 | D:5      | Bought a sedimented purple potion for 26 gold pieces
  4332 | D:6      | Found a staircase to the Ecumenical Temple.
  4378 | D:6      | Reached * piety under Okawaru
  4378 | D:6      | Reached XP level 8. HP: 50/71 MP: 7/7
  4389 | Temple   | Entered the Ecumenical Temple
  4504 | D:6      | Found a radiant altar of Vehumet.
  4677 | D:6      | HP: 3/71 [orc warrior/flail of protection (21)]
  4685 | D:6      | HP: 1/71 [orc warrior/flail of protection (17)]
  4696 | D:6      | Killed from afar by an orc wizard

Skill      XL: |  1  2  3  4  5  6  7 |
---------------+----------------------+-----
Armour         | 4 5 6 |  6.6
Shields        | 4 5 6 |  6.8
Long Blades    | 3 4 5 6 |  6.1
Fighting       | 4 5 6 |  6.5

Action                   |  1- 3 |  4- 6 |  7- 9 || total
-------------------------+-------+-------+-------++-------
Melee: Long sword        |    80 |    79 |   111 ||   270
       Headbutt          |    12 |    16 |    24 ||    52
Invok: Heroism           |       |       |     1 ||     1
  Use: Potion            |       |     1 |     7 ||     8
       Scroll            |       |       |     1 ||     1
  Eat: Chunk             |     2 |     1 |     3 ||     6
       Meat ration       |       |     1 |       ||     1
Armor: Scale mail        |    32 |    29 |    40 ||   101
Dodge: Dodged            |    25 |    24 |    43 ||    92
Block: Shield            |    52 |    25 |    77 ||   154
